 Dungeon Crawl Stone Soup version 0.31-a0-691-g409c26aa35 (webtiles) character file.

Game seed: 16159498924315288093

15 MKJORY the Shooter (level 2, 0/22 HPs)
             Began as a Merfolk Hunter on Sept 6, 2023.
             Was a Follower of Okawaru.
             Slain by a worm (3 damage)
             ... on level 2 of the Dungeon.
             The game lasted 00:35:32 (1073 turns).

MKJORY the Shooter (Merfolk Hunter)                 Turns: 1073, Time: 00:35:33

Health: 0/22       AC:  3    Str: 11    XL:     2   Next: 50%
Magic:  2/2        EV: 12    Int:  8    God:    Okawaru [*.....]
Gold:   22         SH:  0    Dex: 17    Spells: 1/1 levels left

rFire   . . .        e - +0 spear
rCold   . . .        (no shield)
rNeg    . . .        c - +0 leather armour
rPois   .            (no helmet)
rElec   .            (no cloak)
rCorr   .            (no gloves)
SInv    .            (no boots)
Will    .....        (no amulet)
Stlth   ++           (no ring)
HPRegen 0.23/turn    (no ring)
MPRegen 0.08/turn

%: no passive effects
@: no status effects
A: (nimble swimmer 2), mertail
a: Renounce Religion, Heroism


You were on level 2 of the Dungeon.
You worshipped Okawaru.
Okawaru was aware of your devotion.
You visited 1 branch of the dungeon, and saw 2 of its levels.

You collected 22 gold pieces.

Inventory:

Hand Weapons
 a - a +0 shortbow
 b - a +0 short sword
 e - a +0 spear (weapon)
Armour
 c - a +0 leather armour (worn)
Scrolls
 h - a scroll of torment {unknown}
Potions
 d - 2 potions of heal wounds {unknown}
 f - a potion of mutation {unknown}
 g - a potion of attraction {unknown}


   Skills:
 + Level 2.2 Fighting
 + Level 0.3 Polearms
 + Level 3.7 Ranged Weapons
 + Level 2.7 Dodging
 + Level 1.1 Stealth


You had one spell level left.
You didn't know any spells.
Your spell library contained the following spells:

 Spells                   Type           Power      Damage    Failure   Level
 Fulminant Prism          Conj/Hex       0%         3d5       99%         4
 Irradiate                Conj/Tmut      0%         3d11      100%        5
 Starburst                Conj/Fire      0%         6d3       100%        6


Dungeon Overview and Level Annotations

Branches:
Dungeon (2/15)

Altars:
Okawaru


Innate Abilities, Weirdness & Mutations

((You are very nimble when in or above water. (Stealth+, EV+, Speed+++)))
Your lower body shifts to a powerful aquatic tail in water.


Message History

Press: ? - help, Dir - move target, p - worm You swing at nothing.
Okay, then.
Reach: e) +0 spear
Press: ? - help, Dir - move target, f - worm
Aim: a worm (moderately wounded, about 20% to evade your +0 spear)
You reach to attack!
You hit the worm.
The worm is moderately wounded.
The worm bites you.
You hit the worm but do no damage.
The worm is moderately wounded.
Reach: e) +0 spear
Press: ? - help, Dir - move target, f/p - worm
Aim: a worm (moderately wounded, about 20% to evade your +0 spear)
You hit the worm.
The worm is moderately wounded.
The worm bites you!
Ouch! That really hurt!
* * * LOW HITPOINT WARNING * * *
Reach: e) +0 spear
Press: ? - help, Dir - move target, f/p - worm
Aim: a worm (moderately wounded, about 20% to evade your +0 spear)
You hit the worm.
The worm is heavily wounded.
Reach: e) +0 spear
Press: ? - help, Dir - move target, f/p - worm
Aim: a worm (heavily wounded, about 20% to evade your +0 spear)
You barely miss the worm.
The worm is heavily wounded.
The worm bites you.
* * * LOW HITPOINT WARNING * * *
Reach: e) +0 spear
Press: ? - help, Dir - move target, f/p - worm
Aim: a worm (heavily wounded, about 20% to evade your +0 spear)
You hit the worm.
The worm is severely wounded.
You hit the worm.
The worm is almost dead.
The worm bites you.
You die...

#.# #.# ########.# #####
#........# ...... #.########
...... #..####...
......##########.....#.##
.................8#8...##
.......w@........#[#.#.## #.
####............8#8.#.#. #.
#................#.#. #.#######
############.###...#. #.......#
#####.###.(.#.
..#####.############......##....<
..........................)...>##
##....#.############.............
.<........# #####.#...#.##


You could see a worm.

Vanquished Creatures
  2 goblins
  2 hobgoblins (D:1)
  A quokka (D:1)
  2 ball pythons (D:1)
  3 bats (D:1)
  2 frilled lizards (D:1)
  3 kobolds
  A rat (D:1)
  A spectral kobold (D:1)
17 creatures vanquished.

Notes
Turn   | Place    | Note
-------+----------+-------------------------------------------
     0 | D:1      | MKJORY the Merfolk Hunter began the quest for the Orb.
     0 | D:1      | Reached XP level 1. HP: 16/16 MP: 1/1
   416 | D:1      | Found a faded altar of an unknown god.
   456 | D:1      | Prayed at the altar of an unknown god.
   456 | D:1      | Became a worshipper of Warmaster Okawaru
   456 | D:1      | Reached * piety under Okawaru
   539 | D:1      | Reached XP level 2. HP: 22/22 MP: 2/2
   950 | D:2      | Got Vehumet's Folio of Force
  1073 | D:2      | Slain by a worm

Illustrated notes

Levels and vault maps discovered:
D:1:      lightli_arrival_lavapool, layout_basic,
          dreamdust_ecumenical_altar_drowned_temple
D:2:      layout_basic, minmay_statues_item

Action                     || total
---------------------------++-------
  Melee: Spear             ||    17
   Fire: Shortbow          ||    48
    Use: Scroll            ||     3
 Armour: Leather armour    ||    34
  Dodge: Dodged            ||    41

Table legend: (Time is in decaauts)
 A = Elapsed time spent in this place.
 B = Non-inter-level travel time spent in this place.
 C = Inter-level travel time spent in this place.
 D = Time resting spent in this place.
 E = Time spent auto-exploring this place.
 F = Levels seen in this place.
 G = Mean time per level.
                   A        B        C        D        E       F      G
               +--------+--------+--------+--------+--------+-----+--------+
         Total |   1076 |    219 |    857 |     25 |      0 |   2 |  538.0 |
       Dungeon |   1076 |    219 |    857 |     25 |      0 |   2 |  538.0 |
               +--------+--------+--------+--------+--------+-----+--------+

Top non-repeatable levels by time:
     D:1: 892 daAuts
     D:2: 183 daAuts
